Map: Overgrowth LE (Void)

Players

Manueru

  • Race: Protoss Protoss
  • League: Diamond
  • Spawn Location: 1:00

Emil - Winner!

  • Race: Zerg Zerg
  • League: Diamond
  • Spawn Location: 7:00

VOD

Have the link to the VOD?

Description

Time

  • Played on: Nov. 27, 2016, 6:21 p.m.
  • Length: 9:41
Show
View Real Time Build Order
Export as new Build Order

Manueru Protoss 

Build Orders: 1 Gate Expand 

Get SALT Encoding   

  12  0:01  Probe (Chrono Boost)  
  13  0:12  Probe (Chrono Boost)  
  14  0:24  Probe (Chrono Boost)  
  15  0:28  Pylon  
  15  0:46  Probe (Chrono Boost), Gateway  
  16  0:57  Probe (Chrono Boost)  
  17  1:08  Probe (Chrono Boost)  
  18  1:17  Nexus  
  18  1:28  Probe (Chrono Boost)  
  18  1:31  Assimilator  
  19  1:33  Cybernetics Core  
  19  1:41  Probe (Chrono Boost)  
  19  1:44  Assimilator  
  20  1:51  Pylon  
  20  1:57  Probe (Chrono Boost)  
  21  2:05  Pylon, Zealot  
  23  2:24  Probe (Chrono Boost)  
  23  2:34  Adept  
  23  2:36  Probe (Chrono Boost)  
  26  2:51  Probe (Chrono Boost)  
  25  2:55  Warp Gate  
  25  3:03  Probe (Chrono Boost)  
  25  3:14  Probe (Chrono Boost)  
  25  3:18  Probe (Chrono Boost)  
  27  3:23  Pylon  
  27  3:24  Probe (Chrono Boost)  
  28  3:27  Pylon  
  28  3:28  Probe (Chrono Boost)  
  29  3:35  Probe (Chrono Boost)  
  29  3:39  Probe (Chrono Boost)  
  31  3:45  Probe (Chrono Boost)  
  32  3:51  Probe (Chrono Boost)  
  33  3:56  Probe (Chrono Boost)  
  33  4:01  Probe (Chrono Boost)  
  35  4:06  Probe (Chrono Boost)  
  35  4:09  Assimilator  
  36  4:12  Probe (Chrono Boost)  
  36  4:14  Pylon  
  38  4:17  Probe (Chrono Boost)  
  38  4:18  Adept  
  42  4:26  Mothership Core (Chrono Boost)  
  42  4:34  Pylon  
  42  4:39  Gateway  
  42  4:40  Pylon  
  42  4:45  Forge  
  42  4:54  Probe (Chrono Boost)  
  42  4:56  Probe (Chrono Boost)  
  44  5:05  Probe (Chrono Boost)  
  46  5:08  Probe (Chrono Boost)  
  20  5:37  Adept  
  20  5:41  Probe x2 (Chrono Boost)  
  21  5:51  Probe (Chrono Boost)  
  21  5:52  Probe (Chrono Boost)  
  23  6:02  Probe x2 (Chrono Boost)  
  23  6:03  Twilight Council  
  25  6:12  Probe (Chrono Boost)  
  25  6:13  Probe (Chrono Boost)  
  25  6:15  Adept x2  
  30  6:23  Probe x2 (Chrono Boost)  
  30  6:31  Protoss Ground Weapons Level 1  
  30  6:33  Probe (Chrono Boost)  
  30  6:34  Probe (Chrono Boost)  
  30  6:37  Adept  
  34  6:44  Probe x2 (Chrono Boost)  
  36  6:49  Resonating Glaives  
  36  6:54  Probe (Chrono Boost)  
  36  6:55  Probe (Chrono Boost)  
  38  7:03  Adept  
  38  7:05  Probe x2 (Chrono Boost)  
  38  7:06  Adept  
  45  7:15  Probe (Chrono Boost), Gateway  
  45  7:16  Probe (Chrono Boost)  
  46  7:25  Gateway  
  46  7:30  Gateway  
  44  7:43  Probe (Chrono Boost)  
  44  7:44  Probe (Chrono Boost)  
  46  7:45  Templar Archives  
  46  7:46  Adept  
  48  7:58  Adept  
  50  8:08  Adept  
  50  8:10  Adept  
  54  8:26  Adept, Gateway  
  54  8:27  Adept  
  58  8:31  Pylon  
  58  8:32  Pylon  
  58  8:42  Adept x2  
  58  8:48  Pylon  
  62  8:53  Probe x2 (Chrono Boost)  
  64  9:05  Probe (Chrono Boost)  
  37  9:24  High Templar  
  38  9:33  Adept  
  38  9:34  Adept x2  
Show
View Real Time Build Order
Export as new Build Order

Emil Zerg - Winner!

Build Orders: Pool First 

Get SALT Encoding   

  12  0:02  Drone  
  13  0:24  Spawning Pool  
  13  0:25  Drone  
  13  0:30  Drone  
  14  0:42  Overlord  
  14  1:11  Zergling x2  
  14  1:12  Zergling x4  
  14  1:13  Queen  
  19  1:24  Hatchery  
  19  1:32  Drone  
  19  1:33  Extractor  
  18  1:43  Drone  
  19  1:51  Overlord  
  19  1:57  Drone  
  20  2:06  Drone  
  21  2:18  Drone  
  21  2:19  Queen  
  24  2:34  Drone x2  
  24  2:35  Drone  
  27  2:43  Drone x2  
  29  2:48  Drone  
  29  2:53  Queen  
  29  2:58  Drone x2  
  32  3:06  Drone  
  32  3:07  Drone x2  
  32  3:12  Metabolic Boost  
  34  3:17  Evolution Chamber  
  33  3:23  Overlord  
  33  3:25  Drone x3  
  36  3:36  Overlord  
  36  3:40  Overlord  
  36  3:46  Zergling x2  
  36  3:47  Zergling x6  
  40  3:53  Spore Crawler  
  38  4:00  Spore Crawler  
  38  4:03  Zergling x2  
  38  4:04  Zergling x12  
  45  4:12  Zergling x4  
  47  4:27  Drone x3  
  50  4:36  Drone  
  50  4:37  Drone x3  
  54  4:44  Drone  
  54  4:45  Drone x4  
  59  4:49  Spore Crawler  
  57  5:11  Hatchery  
  57  5:12  Drone  
  57  5:13  Drone x4  
  59  5:30  Drone  
  59  5:31  Overlord x3  
  56  5:38  Drone x4  
  57  5:45  Extractor  
  57  5:47  Extractor  
  57  5:48  Spine Crawler, Lair  
  54  5:50  Zerg Melee Weapons Level 1  
  54  5:51  Extractor  
  54  5:54  Drone  
  54  5:55  Drone x3  
  57  6:01  Baneling Nest  
  57  6:02  Evolution Chamber  
  54  6:13  Drone  
  54  6:14  Drone x3  
  57  6:25  Roach Warren  
  54  6:37  Zerg Missile Weapons Level 1  
  54  6:53  Spire  
  53  6:58  Spore Crawler, Spine Crawler  
  51  7:08  Extractor  
  50  7:10  Extractor  
  50  7:11  Zergling x2  
  50  7:12  Zergling x32  
  66  7:37  Drone x9  
  74  7:57  Overlord  
  74  7:58  Hatchery  
  74  8:00  Spore Crawler  
  74  8:01  Spine Crawler  
  74  8:04  Drone x8  
  79  8:06  Mutalisk x5  
  89  8:17  Mutalisk  
  89  8:18  Mutalisk x2  
  95  8:33  Mutalisk  
  96  8:35  Overlord  
  96  8:36  Overlord x2  
  96  8:49  Baneling x15  
  96  8:50  Baneling x8  
Tags
 
Add a new tag
Caveats
  • Supply blocks, unpowered buildings, or Contaminate may cause inaccurate times.
  • Supply counts are checked every 10 seconds.